 Dungeon Crawl Stone Soup version 0.24.0-123-gd5b16e6ec5 (webtiles) character file.

Game seed: 16319752494358986879, levelgen mode: deterministic

73 Descartes the Magician (level 4, -2/24 HPs)
             Began as a Deep Elf Wizard on Jan 25, 2020.
             Killed from afar by an orc wizard (10 damage)
             ... with a magic dart
             ... on level 3 of the Dungeon on Jan 26, 2020.
             The game lasted 00:08:16 (3127 turns).

Descartes the Magician (Deep Elf Wizard)            Turns: 3127, Time: 00:08:17

Health: -2/24      AC:  2    Str:  4    XL:     4   Next: 8%
Magic:  11/13      EV: 13    Int: 24    God:
Gold:   99         SH:  0    Dex: 13    Spells: 10/13 levels left

rFire    . . .     SeeInvis .   h - +0 dagger (protect)
rCold    . . .     Gourm    .   (no shield)
rNeg     . . .     Faith    .   a - +0 robe
rPois    .         Spirit   .   b - +0 hat
rElec    .         Reflect  .   (no cloak)
rCorr    .         Harm     .   (no gloves)
MR       .....                  (no boots)
Stlth    ++........             (no amulet)
HPRegen  0.08/turn              (no ring)
MPRegen  0.13/turn              (no ring)

@: no status effects
A: no striking features
a: no special abilities


You were on level 3 of the Dungeon.
You were hungry.

You visited 1 branch of the dungeon, and saw 3 of its levels.

You collected 99 gold pieces.

Inventory:

Hand Weapons
 h - a +0 dagger of protection (weapon)
Missiles
 e - 54 stones (quivered)
 g - 19 bolts
 j - 17 sling bullets
Armour
 a - a +0 robe (worn)
 b - a +0 hat (worn)
Jewellery
 m - an uncursed ring of protection from fire {unknown}
 o - an uncursed ring of resist corrosion
 p - an uncursed ring of protection from fire {unknown}
Scrolls
 c - 2 scrolls of remove curse {unknown}
 f - 2 scrolls of magic mapping {unknown}
 k - a scroll of teleportation {unknown}
 l - 2 scrolls of fear {unknown}
 n - a scroll of noise {unknown}
 r - a scroll of enchant weapon {unknown}
 s - a scroll of identify {unknown}
Potions
 i - a potion of berserk rage {unknown}
 t - a potion of mutation {unknown}
 u - a potion of curing {unknown}
Comestibles
 d - 2 rations
 q - 5 chunks of flesh


   Skills:
 + Level 3.0 Dodging
 + Level 3.1 Stealth
 * Level 5.2 Spellcasting
 * Level 2.4 Conjurations
   Level 1.1 Summonings
 + Level 1.7 Translocations


You had 10 spell levels left.
You knew the following spells:

 Your Spells              Type           Power        Failure   Level  Hunger
a - Magic Dart            Conj           ###.         3%          1    None
b - Blink                 Tloc           N/A          6%          2    None

Your spell library contained the following spells:

 Spells                   Type           Power        Failure   Level  Hunger
 Call Imp                 Summ           ##......     9%          2    None
 Slow                     Hex            #.......     13%         2    None
 Conjure Flame            Conj/Fire      ##......     16%         3    ##.....
 Mephitic Cloud           Conj/Pois/Air  ##......     19%         3    ##.....


Dungeon Overview and Level Annotations

Branches:
Dungeon (3/15)

Altars:

Annotations:
D:3 Grinder


Message History

The orc wizard gestures at you while chanting.
The puff of flame hits you.
Casting: Magic Dart (safe; 3% risk of failure)
Confirm with . or Enter, or press ? or * to list all spells.
Aiming: Magic Dart (safe; 3% risk of failure)
Press: ? - help, Shift-Dir - straight line, f/p - orc wizard
Aim: an orc wizard, wielding a +0 dagger and wearing a +0 robe (lightly wounded)
The magic dart hits the orc wizard.
The orc wizard is lightly wounded.
You are feeling hungry.
Casting: Magic Dart (safe; 3% risk of failure)
Confirm with . or Enter, or press ? or * to list all spells.
Aiming: Magic Dart (safe; 3% risk of failure)
Press: ? - help, Shift-Dir - straight line, f/p - orc wizard
Aim: an orc wizard, wielding a +0 dagger and wearing a +0 robe (lightly wounded)
The magic dart hits the orc wizard.
The orc wizard is moderately wounded.
The orc wizard gestures at you while chanting.
The magic dart hits you!
You die...

.# .# ...# ## #..# #### ##..#
.{.### ...# .....# #..#
##.#.######## #..#
##........o.######..#
####.######.....@...##+#######..
. ...# #######.#....)รท......#
###### #.#..##.#......#
#.#.............
#.#.##..#....### #.......#....#
#.............. ##.#########.###
#.# ..


You could see an orc wizard.

Vanquished Creatures
  2 adders (D:2)
  3 worms (D:2)
  2 dart slugs (D:1)
  A leopard gecko (D:1)
  An orc (D:3)
  A ball python (D:1)
  3 giant cockroaches
  3 goblins
  4 hobgoblins
  4 jackals (D:1)
  A quokka (D:3)
  3 bats (D:2)
  4 frilled lizards
  7 kobolds
  3 rats
42 creatures vanquished.

Notes
Turn   | Place    | Note
-------+----------+-------------------------------------------
     0 | D:1      | Descartes the Deep Elf Wizard began the quest for the Orb.
     0 | D:1      | Reached XP level 1. HP: 10/10 MP: 7/7
   358 | D:1      | Reached XP level 2. HP: 15/15 MP: 6/9
   431 | D:1      | Learned a level 2 spell: Blink
  1620 | D:2      | Reached XP level 3. HP: 19/19 MP: 4/11
  1841 | D:2      | Found a faded altar of an unknown god.
  1891 | D:2      | Reached skill level 5 in Spellcasting
  2689 | D:3      | Noticed Grinder
  2692 | D:3      | Paralysed by Grinder for 3 turns
  2921 | D:3      | Reached XP level 4. HP: 24/24 MP: 11/13
  3127 | D:3      | Killed from afar by an orc wizard

Levels and vault maps discovered:
D:1:      scummos_arrival_gate, layout_loops_ring
D:2:      layout_basic, chequers_ecumenical_altar_simple_redux
D:3:      layout_loops_cross, first_ration, grunt_ministairs_1, minivault_25,
          uniq_grinder

Skill      XL: |  1  2  3 |
---------------+----------+-----
Conjurations   | 2 |  2.4
Stealth        | 3 |  3.1
Spellcasting   | 5 |  5.2
Dodging        | 3 |  3.0
Summonings     | |  1.1
Translocations | |  1.7

Action                   |  1- 3 |  4- 6 || total
-------------------------+-------+-------++-------
Melee: Unarmed           |     3 |       ||     3
 Cast: Magic Dart        |   134 |    14 ||   148
  Eat: Chunk             |     5 |     1 ||     6
Armor: Robe              |     3 |       ||     3
Dodge: Dodged            |    12 |       ||    12
